 Dungeon Crawl Stone Soup version 0.25-a0-561-g0977b4d109 (webtiles) character file.

Game seed: 16848280367362608150, levelgen mode: deterministic

193 Flugslaktarn the Chopper (level 5, -2/47 HPs)
             Began as a Minotaur Fighter on Feb 25, 2020.
             Killed from afar by an orc wizard (8 damage)
             ... with a magic dart
             ... on level 4 of the Dungeon.
             The game lasted 00:00:28 (621 turns).

Flugslaktarn the Chopper (Minotaur Fighter)          Turns: 621, Time: 00:00:29

Health: -2/47      AC:  7    Str: 21    XL:     5   Next: 43%
Magic:  4/4        EV:  7    Int:  5    God:
Gold:   41         SH:  9    Dex: 10    Spells: 4/4 levels left

rFire    . . .     SeeInvis .   a - +0 war axe
rCold    . . .     Gourm    .   c - +0 kite shield
rNeg     . . .     Faith    .   b - +0 scale mail
rPois    .         Spirit   .   (helmet restricted)
rElec    .         Reflect  .   (no cloak)
rCorr    .         Harm     .   (no gloves)
MR       .....                  (no boots)
Stlth    ..........             (no amulet)
HPRegen  0.15/turn              (no ring)
MPRegen  0.09/turn              (no ring)

@: no status effects
A: retaliatory headbutt, horns 2
a: no special abilities


You were on level 4 of the Dungeon.
You were not hungry.

You visited 1 branch of the dungeon, and saw 4 of its levels.

You collected 41 gold pieces.

Inventory:

Hand Weapons
 a - a +0 war axe (weapon)
Armour
 b - a +0 scale mail (worn)
 c - a +0 kite shield (worn)
Scrolls
 f - 2 scrolls of remove curse {unknown}
 h - 3 scrolls of identify {unknown}
 i - a scroll of immolation {unknown}
Potions
 d - a potion of might
Comestibles
 e - a ration


   Skills:
 + Level 4.6 Fighting
 * Level 4.7 Axes
 + Level 4.6 Armour
 + Level 4.6 Shields


You had 4 spell levels left.
You didn't know any spells.
Your spell library was empty.

Dungeon Overview and Level Annotations

Branches:
Dungeon (4/15)
 Temple: D:4-7

Altars:


Innate Abilities, Weirdness & Mutations

You reflexively headbutt those who attack you in melee.
You have a pair of horns on your head.


Message History

You are too injured to fight recklessly!
You are too injured to fight recklessly!
You are too injured to fight recklessly!
You are too injured to fight recklessly!
You are too injured to fight recklessly!
You are too injured to fight recklessly!
You are too injured to fight recklessly!
Unknown command.
You hit the ogre.
The ogre is moderately wounded.
You barely miss the orc wizard. The orc wizard casts a spell at you.
The magic dart hits you.
* * * LOW HITPOINT WARNING * * *
You barely miss the ogre.
The ogre is moderately wounded.
You hit the orc wizard. You block the ogre's attack.
The orc wizard points at you and mumbles some strange words.
The magic dart hits you!
You die...

............# ..
#..........#...
##.......O......
. ............#
!. .##.........#
...
...#####.####
.... # . #.###
.....
....#[O.##......
#...)@.÷......
#....o>......#
....#...........
##..............
##.#...........
#.#.........>. #
§.###....... ?.#
...####


You could see an ogre and an orc wizard.

Vanquished Creatures
  A scorpion (D:4)
  A hound (D:4)
  2 bullfrog skeletons (D:4)
  A worker ant (D:4)
  An adder (D:4)
  3 orcs (D:4)
  A giant cockroach (D:2)
  2 goblins
  A hobgoblin (D:2)
  2 kobolds
  2 quokkas
  5 bats
  A frilled lizard (D:3)
  A rat (D:1)
24 creatures vanquished.

Notes
Turn   | Place    | Note
-------+----------+-------------------------------------------
     0 | D:1      | Flugslaktarn the Minotaur Fighter began the quest for the
                  | Orb.
     0 | D:1      | Reached XP level 1. HP: 19/19 MP: 0/0
   124 | D:2      | Reached XP level 2. HP: 26/27 MP: 1/1
   210 | D:4      | Reached XP level 3. HP: 31/33 MP: 2/2
   212 | D:4      | Reached XP level 4. HP: 28/40 MP: 3/3
   232 | D:4      | Reached XP level 5. HP: 11/47 MP: 4/4
   328 | D:4      | Noticed an ogre
   621 | D:4      | Killed from afar by an orc wizard

Levels and vault maps discovered:
D:1:      lightli_arrival_maybe_door_vault, layout_loops_cross
D:2:      layout_rooms
D:3:      layout_basic, serial_undead, serial_undead_f, serial_undead_a,
          serial_undead_e, serial_undead_c, serial_undead_a, first_ration
D:4:      layout_rooms

Skill      XL: |  1  2  3  4 |
---------------+-------------+-----
Axes           | 3 4 |  4.7
Fighting       | 4 |  4.6
Armour         | 4 |  4.6
Shields        | 4 |  4.6

Action                   |  1- 3 |  4- 6 || total
-------------------------+-------+-------++-------
Melee: War axe           |    44 |    24 ||    68
       Headbutt          |     7 |     4 ||    11
  Use: Potion            |       |     1 ||     1
Armor: Scale mail        |    27 |     6 ||    33
Dodge: Dodged            |    21 |    12 ||    33
Block: Kite shield       |    32 |    15 ||    47

Table legend:
 A = Non-vault XP
 B = Vault XP
 C = Vault XP percentage of total XP
 D = Non-vault monster count
 E = Vault monster count
 F = Vault count percentage of total count
                 A         B        C        D         E       F
            +---------+---------+-------+---------+---------+-------
      Total |     276 |       0 |   0.0 |      24 |       0 |   0.0
            +---------+---------+-------+---------+---------+-------
        D:1 |       6 |       0 |   0.0 |       4 |       0 |   0.0
        D:2 |      12 |       0 |   0.0 |       7 |       0 |   0.0
        D:3 |       3 |       0 |   0.0 |       3 |       0 |   0.0
        D:4 |     255 |       0 |   0.0 |      10 |       0 |   0.0
            +---------+---------+-------+---------+---------+-------
